 Dungeon Crawl Stone Soup version 0.30.0-5-g1a98f26d00 (webtiles) character file.

Game seed: 7539006407418986612

115 Persephone the Shooter (level 4, -2/40 HPs)
             Began as a Minotaur Hunter on May 11, 2023.
             Killed by nerve-wracking pain
             ... invoked by an orc priest
              (8 damage)
             ... on level 3 of the Dungeon.
             The game lasted 00:02:41 (2219 turns).

Persephone the Shooter (Minotaur Hunter)            Turns: 2219, Time: 00:02:41

Health: -2/40      AC:  4    Str: 16    XL:     4   Next: 68%
Magic:  3/3        EV: 12    Int:  6    God:
Gold:   112        SH:  0    Dex: 15    Spells: 3/3 levels left

rFire   . . .        a - +1 shortbow
rCold   . . .        (shield currently unavailable)
rNeg    . . .        c - +0 leather armour
rPois   .            (helmet restricted)
rElec   .            (no cloak)
rCorr   .            f - +0 pair of gloves
SInv    .            (no boots)
Will    .....        (no amulet)
Stlth   +            (no ring)
HPRegen 0.26/turn    (no ring)
MPRegen 0.08/turn

%: no passive effects
@: no status effects
A: horns 2, retaliatory headbutt
a: no special abilities


You were on level 3 of the Dungeon.
You visited 1 branch of the dungeon, and saw 3 of its levels.

You collected 112 gold pieces.

Inventory:

Hand Weapons
 a - a +1 shortbow (weapon)
Missiles
 j - 2 throwing nets
Armour
 c - a +0 leather armour (worn)
 f - a +0 pair of gloves (worn)
Wands
 i - a wand of polymorph (12)
Scrolls
 b - 2 scrolls of immolation
 e - 2 scrolls of vulnerability
 k - a scroll of identify {unknown}
Potions
 d - 2 potions of resistance {unknown}
 g - a potion of heal wounds {unknown}
 h - 3 potions of curing {unknown}
 l - a potion of brilliance {unknown}


   Skills:
 + Level 3.9 Fighting
 * Level 5.9 Ranged Weapons
 - Level 2.3 Dodging
 - Level 1.0 Stealth


You had 3 spell levels left.
You didn't know any spells.
Your spell library contained the following spells:

 Spells                   Type           Power      Damage    Failure   Level
 Sandblast                Erth           0%         2d4       52%         1
 Passwall                 Tmut/Erth      0%         N/A       67%         2
 Ignite Poison            Fire/Tmut/Pois 0%         N/A       88%         3
 Stone Arrow              Conj/Erth      0%         3d7       88%         3
 Sticky Flame             Conj/Fire      0%         2d3       99%         4
 Simulacrum               Ice/Necr       0%         N/A       100%        6
 Ozocubu's Refrigeration  Ice            0%         4d7       100%        7
 Ignition                 Fire           0%         3d3       100%        8
 Polar Vortex             Ice            0%         N/A       100%        9


Dungeon Overview and Level Annotations

Branches:
Dungeon (3/15)

Altars:
Uskayaw

Shops:
D:3 *


Innate Abilities, Weirdness & Mutations

You have a pair of horns on your head.
You reflexively headbutt those who attack you in melee.


Message History

You shoot an arrow. The arrow hits the orc priest.
The orc priest is moderately wounded.
The orc priest hits you with a +0 flail!
The orc priest casts a cantrip, but nothing happens.
You shoot an arrow. The arrow hits the orc priest!
The orc priest is almost dead.
You hear a shout!
The orc priest calls down the wrath of Beogh upon you.
Beogh smites you!
The orc priest looks encouraged for a moment.
You are too injured to fight recklessly!
You are too injured to fight recklessly!
You are too injured to fight recklessly!
You are too injured to fight recklessly!
You are too injured to fight recklessly!
You are too injured to fight recklessly!
You are too injured to fight recklessly!
You are too injured to fight recklessly!
You are too injured to fight recklessly!
You are too injured to fight recklessly!
You are too injured to fight recklessly!
You are too injured to fight recklessly!
You are too injured to fight recklessly!
Fire: a) +1 shortbow
Press: ? - help, Shift-Dir - straight line, f/p - orc priest
Aim: an orc priest, wielding a +0 flail (almost dead, 63% to hit)
You shoot an arrow. The arrow hits the orc priest!
You kill the orc priest!
The orc priest calls down the wrath of Beogh upon you.
Pain shoots through your body!
* * * LOW HITPOINT WARNING * * *
Fire: a) +1 shortbow
Press: ? - help, Shift-Dir - straight line, f - orc priest
Aim: an orc priest, wielding a +0 dagger (heavily wounded, 63% to hit)
You shoot an arrow. The arrow hits the orc priest.
The orc priest is almost dead.
A hobgoblin comes into view.
The orc priest mumbles some strange prayers to Beogh against you.
Pain shoots through your body!
You die...

.#..#.# #..##.#
..###.# .##
#.#******** ##
#..,,,,,,,*
#***#..******,*
,,,,...,,,* *,*
,***,,,**.###g#####
***,,,,,*......o@.#
**,,,,,.....###.#
**,***###*** #)#
*,* #.# *,* ##.####
**+** #.....#
**,,,** #..##.#
**,,,,,** ##..##.#
**,,,,,,,**
##...##.#


You could see an orc priest and a hobgoblin.

Vanquished Creatures
  An orc priest (D:3)
  4 adders
  A worm (D:2)
  A dart slug (D:3)
  An orc (D:3)
  6 endoplasms
  A giant cockroach (D:1)
  A goblin (D:1)
  4 hobgoblins
  6 kobolds
  A quokka (D:3)
  5 ball pythons
  6 bats
  A frilled lizard (D:3)
  5 rats
44 creatures vanquished.

Notes
Turn   | Place    | Note
-------+----------+-------------------------------------------
     0 | D:1      | Persephone the Minotaur Hunter began the quest for the Orb.
     0 | D:1      | Reached XP level 1. HP: 18/18 MP: 0/0
    51 | D:1      | Reached skill level 1 in Stealth
    88 | D:1      | Reached XP level 2. HP: 25/25 MP: 1/1
   799 | D:2      | Reached skill level 5 in Ranged Weapons
   905 | D:2      | Reached XP level 3. HP: 31/31 MP: 2/2
   906 | D:2      | Found a hide-covered altar of Uskayaw.
  1133 | D:2      | Found a faded altar of an unknown god.
  1785 | D:3      | Found Xuewalon's Assorted Antiques.
  1797 | D:3      | Reached XP level 4. HP: 35/38 MP: 3/3
  2219 | D:3      | Killed from afar by an orc priest

Illustrated notes

Levels and vault maps discovered:
D:1:      saegor_arrival_under_anarchy, layout_loops_ring
D:2:      layout_loops_corners, basic_altar, dilly_ecumenical_altar_fadedgnrine
D:3:      layout_loops_corners, serial_shops, shop, kennysheep_cluttered_room

Skill      XL: |  1  2 |
---------------+-------+-----
Stealth        | 1 |  1.0
Fighting       | 3 |  3.9
Ranged Weapons | 5 |  5.9
Dodging        | |  2.3

Action                     |  1- 3 |  4- 6 || total
---------------------------+-------+-------++-------
   Fire: Shortbow          |    96 |    22 ||   118
    Use: Scroll            |     6 |       ||     6
 Armour: Leather armour    |     8 |       ||     8
  Dodge: Dodged            |    17 |     1 ||    18
